Map: Korhal Carnage Knockout LE

Players

Namshar - Winner!

  • Race: Zerg Zerg
  • League: Grandmaster

Miszu

  • Race: Terran Terran
  • League: Master

VOD

Have the link to the VOD?

Description

Time

  • Played on: April 18, 2016, 4:42 p.m.
  • Length: 12:44
Show
View Real Time Build Order
Export as new Build Order

Namshar Zerg - Winner!

Build Orders: Hatch First 

Get SALT Encoding   

  12  0:00  Drone  
  13  0:08  Drone  
  14  0:17  Overlord  
  14  0:23  Extractor  
  14  0:24  Drone  
  15  0:36  Drone x2  
  17  0:51  Hatchery  
  17  0:53  Drone  
  17  0:57  Drone  
  18  1:07  Extractor  
  17  1:13  Spawning Pool  
  17  1:16  Drone  
  17  1:19  Drone  
  18  1:26  Drone  
  19  1:37  Overlord  
  19  2:00  Zergling x4, Queen  
  23  2:03  Queen  
  23  2:04  Drone  
  26  2:08  Metabolic Boost  
  26  2:10  Drone  
  26  2:13  Drone  
  28  2:20  Drone  
  29  2:25  Drone  
  30  2:31  Drone  
  30  2:35  Drone  
  32  2:42  Hatchery  
  31  2:45  Overlord  
  31  2:47  Drone  
  32  2:54  Drone  
  32  2:57  Drone  
  34  3:04  Drone  
  35  3:12  Queen  
  37  3:13  Drone  
  37  3:14  Overlord, Drone  
  37  3:15  Drone x3  
  37  3:17  Drone  
  43  3:21  Drone  
  44  3:32  Overlord  
  44  3:34  Drone  
  44  3:36  Drone  
  46  3:42  Drone x2  
  46  3:43  Drone x4  
  52  3:51  Roach Warren  
  52  3:55  Drone x3  
  54  3:57  Drone  
  54  4:02  Queen  
  55  4:06  Drone x2  
  55  4:08  Overlord  
  59  4:11  Drone  
  59  4:12  Drone x2  
  59  4:13  Drone  
  63  4:17  Overlord  
  63  4:21  Extractor x2, Drone  
  63  4:22  Drone x4  
  66  4:31  Overlord x2  
  66  4:35  Spore Crawler  
  66  4:37  Roach, Spore Crawler  
  68  4:38  Roach  
  68  4:42  Queen  
  68  4:44  Roach  
  72  4:47  Overlord x3  
  72  4:49  Roach  
  72  4:51  Drone  
  72  4:52  Extractor  
  74  4:54  Extractor, Drone  
  74  4:55  Drone x3  
  74  4:57  Drone  
  74  4:59  Drone x2  
  80  5:04  Lair  
  80  5:05  Drone x2  
  82  5:09  Ravager x3  
  85  5:19  Overlord  
  85  5:20  Drone x3  
  88  5:22  Extractor  
  88  5:23  Queen  
  88  5:26  Drone x3  
  88  5:45  Drone x2  
  90  5:55  Evolution Chamber  
  87  5:57  Drone  
  87  5:58  Drone, Evolution Chamber  
  87  5:59  Queen  
  87  6:03  Drone x3  
  93  6:05  Overlord x3  
  93  6:06  Hatchery  
  93  6:07  Drone  
  93  6:10  Infestation Pit  
  93  6:11  Roach x8  
  110  6:23  Roach x3  
  113  6:28  Drone  
  114  6:38  Roach x7  
  128  6:42  Zerg Missile Weapons Level 1, Zerg Ground Armor Level 1  
  128  6:44  Overlord  
  128  6:45  Overlord  
  128  6:46  Pathogen Glands  
  128  6:48  Hive  
  128  6:55  Ravager  
  128  6:56  Spire, Ravager  
  129  7:10  Roach  
  129  7:11  Roach x5  
  137  7:16  Hatchery  
  137  7:22  Overlord x2  
  132  7:23  Overlord x2, Infestor x2  
  136  7:42  Overlord  
  136  7:43  Overlord, Roach  
  136  7:44  Roach x8  
  154  7:47  Hatchery  
  154  7:57  Extractor  
  153  8:00  Extractor  
  147  8:06  Roach  
  147  8:07  Roach x8  
  164  8:13  Hatchery  
  163  8:21  Glial Reconstitution  
  163  8:23  Greater Spire  
  163  8:27  Corruptor x2  
  163  8:33  Queen  
  167  8:34  Queen  
  167  8:37  Drone x2  
  167  8:38  Spore Crawler, Spine Crawler x2  
  167  8:41  Spore Crawler  
  165  8:43  Queen  
  165  8:47  Corruptor  
  169  8:50  Infestor  
  171  9:04  Zerg Ground Armor Level 2, Zerg Missile Weapons Level 2  
  169  9:13  Corruptor  
  169  9:15  Roach  
  169  9:16  Roach x5  
  169  9:45  Brood Lord x2  
  165  9:46  Brood Lord  
  165  9:54  Corruptor x2  
  169  10:09  Queen  
  169  10:11  Hatchery  
  169  10:13  Drone x2  
  172  10:15  Corruptor x2  
  172  10:18  Infestor  
  172  10:21  Infestor  
  180  10:47  Ravager x2  
  180  10:49  Ravager x2, Roach  
  188  10:50  Roach x5  
  188  10:55  Zergling x16  
  151  11:21  Brood Lord x2  
  151  11:23  Roach x5, Hatchery  
  158  11:29  Roach x3  
  155  11:48  Roach x2  
  155  11:49  Roach x6  
  165  11:58  Roach x2  
  165  11:59  Roach  
  165  12:05  Roach x5  
  167  12:13  Ravager  
Show
View Real Time Build Order
Export as new Build Order

Miszu Terran 

Build Orders: Liberator Opening, MMM Bio 

Get SALT Encoding   

  12  0:00  SCV  
  13  0:13  SCV  
  14  0:17  Supply Depot  
  14  0:25  SCV  
  15  0:38  SCV  
  15  0:40  Barracks  
  16  0:43  Refinery  
  16  0:50  SCV  
  17  1:02  SCV  
  18  1:14  SCV  
  19  1:27  Orbital Command  
  19  1:28  Marine  
  20  1:39  Command Center  
  20  1:46  Marine  
  21  1:52  SCV  
  22  1:58  Factory  
  22  2:04  Supply Depot  
  22  2:07  Barracks Reactor  
  23  2:08  SCV  
  23  2:22  Refinery  
  23  2:26  SCV  
  24  2:38  SCV  
  24  2:43  Starport  
  25  2:53  SCV, Orbital Command  
  25  2:56  Factory Tech Lab  
  26  2:59  Marine x2  
  26  3:04  Liberator  
  26  3:05  SCV  
  29  3:16  Marine  
  29  3:17  Marine, SCV  
  29  3:19  SCV  
  36  3:29  SCV  
  36  3:31  SCV  
  38  3:34  Command Center  
  39  3:41  SCV  
  39  3:45  SCV  
  39  3:47  Liberator  
  40  3:53  SCV  
  40  3:55  Supply Depot, Barracks  
  41  3:58  SCV  
  41  4:00  Barracks  
  42  4:05  SCV  
  46  4:13  Factory Reactor  
  46  4:16  Marine x2, SCV  
  49  4:17  Supply Depot, SCV  
  50  4:26  Engineering Bay  
  50  4:28  SCV  
  50  4:29  SCV  
  50  4:30  Engineering Bay  
  52  4:36  Marine x2  
  54  4:40  SCV  
  54  4:41  SCV  
  56  4:51  Stimpack  
  56  4:52  SCV  
  56  4:53  Starport Reactor  
  56  4:54  SCV  
  56  4:58  Orbital Command  
  56  4:59  Terran Infantry Weapons Level 1, Terran Infantry Armor Level 1  
  58  5:00  Refinery  
  58  5:02  Refinery  
  58  5:03  Marine  
  58  5:04  Marine  
  58  5:05  SCV  
  58  5:06  SCV  
  62  5:15  Supply Depot  
  62  5:16  Supply Depot  
  62  5:17  SCV  
  62  5:18  Marine  
  62  5:20  Marine x2  
  62  5:21  Marine  
  67  5:23  SCV  
  67  5:27  Marine  
  69  5:32  Medivac x2  
  73  5:36  Marine  
  74  5:43  Marine x3  
  74  5:45  Marine  
  78  5:54  Marine  
  76  5:58  SCV x3  
  76  5:59  Barracks  
  76  6:01  Marine x3, Barracks  
  76  6:03  Marine  
  83  6:08  Medivac x2  
  83  6:10  SCV  
  88  6:12  Marine  
  89  6:19  Marine x3, SCV  
  89  6:20  Barracks  
  89  6:22  Barracks x2  
  93  6:27  Marine, SCV x2  
  93  6:28  Supply Depot  
  93  6:30  Marine  
  93  6:31  Supply Depot, SCV  
  95  6:39  SCV  
  97  6:40  SCV  
  97  6:44  SCV  
  97  6:45  Supply Depot  
  97  6:46  Armory  
  98  6:50  Marine x4  
  98  6:51  Supply Depot, SCV  
  98  6:52  SCV  
  104  6:56  SCV  
  104  7:00  Barracks Reactor x2  
  105  7:03  Supply Depot  
  105  7:04  SCV x2  
  105  7:05  Supply Depot  
  107  7:08  SCV  
  107  7:14  Marine, Marauder  
  107  7:21  Marine  
  105  7:23  Marine  
  105  7:24  Barracks Reactor  
  105  7:25  Barracks Reactor x2  
  106  7:36  Marine x3, Marauder  
  111  7:39  Marine  
  111  7:40  Marine x3  
  111  7:41  Marine, Medivac x2  
  120  7:44  Combat Shields  
  120  7:53  Marine  
  120  7:54  Marine x2  
  120  7:55  Supply Depot  
  120  7:57  Supply Depot, Marine, Marauder  
  120  7:58  Marine x3  
  129  7:59  Marine  
  128  8:11  Marine x7  
  128  8:12  Marine, Medivac x2  
  138  8:13  Terran Infantry Armor Level 2, Terran Infantry Weapons Level 2  
  138  8:17  Marine  
  139  8:32  Marine  
  139  8:33  Marine x3  
  140  8:35  Marine  
  140  8:36  Marine x6  
  140  8:37  Hellion  
  148  8:42  Medivac  
  148  8:44  Marine x4  
  148  8:45  Medivac  
  154  8:50  Marine  
  154  8:51  Supply Depot, Marine x2  
  154  8:53  Supply Depot  
  154  8:54  Supply Depot  
  157  8:58  Hellion  
  159  9:03  Marine x6  
  165  9:12  Marine x6, Medivac  
  165  9:14  Marine  
  174  9:19  Hellion  
  174  9:21  Marine  
  174  9:22  Marine x6  
  183  9:29  Medivac  
  179  9:42  Medivac  
  179  9:44  Marine  
  179  9:45  Marine x12  
  166  9:49  Supply Depot  
  163  9:55  Hellion  
  166  10:02  Marine x4  
  168  10:12  Command Center  
  168  10:27  Marine x11  
  177  10:36  Marine  
  155  11:11  Marine  
  155  11:12  Marine x14  
  155  11:13  Hellion, Medivac  
  113  11:27  Medivac  
  113  11:29  Marine  
  113  11:30  Marine x12  
  129  11:33  Widow Mine  
  123  11:47  Marine  
  123  11:53  Marine  
  123  11:54  Marine x9  
  116  12:02  Widow Mine  
  116  12:05  Marine  
  114  12:11  Marine x4  
  114  12:12  Marine x6  
  119  12:22  Marine  
Tags
 
Add a new tag
Caveats
  • Supply blocks, unpowered buildings, or Contaminate may cause inaccurate times.
  • Supply counts are checked every 10 seconds.